 Dungeon Crawl Stone Soup version 0.31.0-32-g396128a36d (webtiles) character file.

Game seed: 4223058174338076922

12959 MisterFreud the Carver (level 11, -16/107 HPs)
             Began as a Minotaur Fighter on Mar 31, 2024.
             Was a High Priest of Yredelemnul.
             Shot with an arrow by Nessos (17 damage)
             ... while paralysed by Nessos
             ... on level 12 of the Dungeon.
             The game lasted 00:16:52 (11986 turns).

MisterFreud the Carver (Minotaur Fighter)          Turns: 11986, Time: 00:16:53

Health: -16/107    AC: 21    Str: 26    XL:     11   Next: 69%
Magic:  15/15      EV:  2    Int:  5    God:    Yredelemnul [*****.]
Gold:   692        SH:  0    Dex:  9    Spells: 10/10 levels left

rFire   . . .        N - +4 long sword (venom)
rCold   + . .        c - +0 buckler
rNeg    . . .        K - +2 chain mail {rC+}
rPois   .            (helmet restricted)
rElec   .            m - +0 cloak
rCorr   .            R - +0 pair of gloves
SInv    .            n - +0 pair of boots
Will    +....        i - amulet of faith Stlth
                     r - ring of willpower
HPRegen 0.37/turn    s - +4 ring of protection
MPRegen 0.14/turn

%: faith
@: paralysed, lethally poisoned (-16 -> -43), studying Fighting
A: horns 2, retaliatory headbutt
a: Renounce Religion, Recall Undead Harvest, Dark Bargain, Drain Life, Bind Soul


You were on level 12 of the Dungeon.
You worshipped Yredelemnul.
Yredelemnul was noncommittal.
You visited 2 branches of the dungeon, and saw 13 of its levels.
You also visited: Sewer and Bailey.

You collected 692 gold pieces.

Inventory:

Hand Weapons
 a - a +0 long sword
 f - a +1 falchion of venom
 y - a +3 scimitar
 N - a +4 long sword of venom (weapon)
 P - a +0 double sword
Armour
 b - a +0 scale mail
 c - a +0 buckler (worn)
 m - a +0 cloak (worn)
 n - a +0 pair of boots (worn)
 K - a +2 chain mail of cold resistance (worn)
 R - a +0 pair of gloves (worn)
Jewellery
 e - an amulet of the acrobat
 i - an amulet of faith (around neck)
 p - an amulet of magic regeneration
 q - an amulet of guardian spirit
 r - a ring of willpower (left hand)
 s - a +4 ring of protection (right hand)
 t - a ring of protection from fire
 x - a ring of wizardry
Talismans
 w - a serpent talisman
Wands
 d - a wand of paralysis (12)
 g - a wand of digging (5)
 H - a wand of acid (3)
 I - a wand of flame (17)
Scrolls
 h - 3 scrolls of teleportation
 u - a scroll of fear
 C - a scroll of immolation
 D - 3 scrolls of poison
 G - a scroll of revelation {unknown}
 M - 2 scrolls of enchant armour
 O - a scroll of vulnerability {unknown}
Potions
 j - 2 potions of brilliance
 k - 5 potions of heal wounds
 l - a potion of ambrosia
 o - 2 potions of might
 v - 2 potions of curing
 z - 3 potions of degeneration
 A - 2 potions of attraction
 B - 2 potions of haste
 E - a potion of mutation
 J - 3 potions of lignification
 L - a potion of invisibility
 Q - a potion of cancellation


   Skills:
 + Level 13.3 Fighting
 + Level 13.6 Long Blades
 - Level 10.0 Armour
 - Level 5.0 Shields
 * Level 7.6 Invocations


You had 10 spell levels left.
You didn't know any spells.
Your spell library contained the following spells:

 Spells                   Type           Power      Damage    Failure   Level
 Magic Dart               Conj           0%         1d3       94%         1
 Necrotise                Necr           0%         1d4       94%         1
 Blink                    Tloc           0%         N/A       98%         2
 Call Imp                 Summ           0%         N/A       98%         2
 Cigotuvi's Dreadful Rot  Necr/Alch/Air  0%         N/A       98%         2
 Lesser Beckoning         Tloc           0%         N/A       98%         2
 Sublimation of Blood     Necr           0%         N/A       98%         2
 Gell's Gravitas          Tloc           0%         N/A       100%        3
 Teleport Other           Tloc           0%         N/A       100%        3
 Vampiric Draining        Necr           0%         2d6       100%        3
 Dispel Undead            Necr           0%         3d6       100%        4
 Martyr's Knell           Necr/Summ      0%         N/A       100%        4
 Petrify                  Alch/Erth      0%         N/A       100%        4
 Curse of Agony           Necr           0%         N/A       100%        5
 Irradiate                Conj/Alch      0%         3d11      100%        5
 Death Channel            Necr           Unusable   N/A       N/A         6

Dungeon Overview and Level Annotations

Branches:
Dungeon (12/15)            Temple (1/1) D:7            Lair (0/5) D:11
    Orc (0/2) D:10          Sewer (visited)          Bailey (visited)

Altars:
Ashenzari
Cheibriados
Dithmenos
Elyvilon
Fedhas
Gozag
Hepliaklqana
Kikubaaqudgha
Makhleb
Nemelex Xobeh
Okawaru
Qazlal
Ru
Sif Muna
Trog
Uskayaw
Vehumet
Wu Jian
Xom
Yredelemnul
Zin
The Shining One
Jiyva

Annotations:
D:9 3 runed translucent doors, nuka's ghost, novice GrEE
D:12 Nessos


Innate Abilities, Weirdness & Mutations

You have a pair of horns on your head.
You reflexively headbutt those who attack you in melee.


Message History

The arrow hits your basilisk zombie!! The arrow burns your basilisk zombie.
Your basilisk zombie is destroyed!
Nessos shoots an arrow.
The arrow hits your troll zombie!! The arrow burns your troll zombie!
You feel very sick.
Your troll zombie bites Nessos.
Your troll zombie claws Nessos.
Your troll zombie completely misses Nessos.
Nessos shoots an arrow.
The arrow hits your troll zombie! The arrow burns your troll zombie.
Your troll zombie is destroyed!
You swap places.
You feel very sick.
Nessos shoots an arrow.
The arrow hits your bound manticore!! The arrow burns your bound manticore.
Your bound manticore throws volley of spikes at Nessos.
The volley of spikes skewers Nessos!
Aiming: Paralyse
Press: ? - help, Shift-Dir - straight line, f - Nessos
Aim: Nessos, wielding a +1 longbow of flaming, wearing a +0 barding and carrying a wand of paralysis (lightly wounded, fast, skewered by barbs, ally target, chance to affect: 49%)
Okay, then.
Unknown command.
You swap places.
You feel very sick.
Nessos shoots an arrow.
The arrow hits you!
* * * LOW HITPOINT WARNING * * *
The arrow burns you.
You are more poisoned.
* * * LOW HITPOINT WARNING * * *
Nessos zaps a wand.
You suddenly lose the ability to move!
Nessos shoots an arrow.
The arrow hits you!
* * * LOW HITPOINT WARNING * * *
The arrow burns you.
You are more poisoned.
* * * LOW HITPOINT WARNING * * *
* * * LOW HITPOINT WARNING * * *
You feel extremely sick.
Nessos shoots an arrow.
The arrow hits you but does no damage.
Nessos shoots an arrow.
The arrow hits you!
You die...
Your body rises from the dead as a mindless zombie.

#.....Z#ZZZZZ....#...
#......#..ZZ.....#........
#....Z.#.........#........
#.....Z#.........#........
#....Z.#.........#........
..
#.....Z#.........#........
#.
#....ZZ#.........#........
#.
#....ZZ###########........
#.
#.....ZZ...ZZZZZ@..c......
#.
#.....######ZZ#######.....
#. ###...# #..# ... #.
#...# #..# . #. #...# #..#
#. #...# #..# #. #...#
#... ..######. #...+ #...
......... .........


You could see Nessos (fast, skewered, ally target), a friendly bound manticore,
a friendly basilisk zombie, 2 friendly yak zombies, a friendly boulder beetle
zombie, a friendly orc zombie and a friendly orc warrior zombie.

Vanquished Creatures
  A boulder beetle (D:12)
  Urug (D:12)
  Pikel (D:7)
  An ugly thing (D:12)
  Joseph (D:7)
  A gargoyle (D:11)
  Maggie (D:8)
  2 unseen horrors (D:12)
  3 trolls
  A hornet (D:9)
  Sigmund (D:3)
  11 yaks
  A steam dragon (D:9)
  A wraith (D:9)
  2 basilisks (D:12)
  3 vampire mosquitoes (D:12)
  An acid dragon (D:10)
  Duvessa (D:4)
  A water moccasin (D:6)
  6 orc warriors
  2 black bears
  2 ice beasts (D:5)
  A sky beast (D:7)
  2 ogres
  2 centaurs
  A phantom (D:6)
  Blork the orc (D:4)
  A kobold brigand (D:8)
  3 scorpions
  2 brain worms (Sewer)
  6 bullfrogs
  9 wights
  Dowan (D:4)
  5 killer bees
  A vampire bat (D:4)
  A bombardier beetle (D:5)
  5 howler monkeys
  2 hounds (D:5)
  3 gnoll boudas
  4 orc priests
  Ijyb (D:3)
  4 sleepcaps
  An iguana (D:5)
  7 orc wizards
  Robin (D:3)
  14 adders
  10 gnolls
  5 river rats (Sewer)
  2 dart slugs
  3 fire bats (D:4)
  3 ribbon worms
  40 orcs
  2 spectral bats (D:4)
  3 bat skeletons (D:4)
  A bat zombie (D:4)
  5 endoplasms
  5 giant cockroaches
  16 goblins
  9 hobgoblins
  12 kobolds
  4 quokkas
  12 ball pythons
  16 bats
  A bat simulacrum (D:4)
  9 frilled lizards
  17 rats
298 creatures vanquished.

Vanquished Creatures (collateral kills)
  A death yak (D:11)
  A wyvern (D:11)
  A vampire mosquito (D:12)
  A basilisk (D:11)
  A black bear (D:11)
  An orc warrior (D:12)
  3 wights
  2 killer bees (D:10)
  An orc priest (D:12)
  3 orc wizards (D:11)
  2 orcs (D:12)
17 creatures vanquished.

Vanquished Creatures (others)
  2 unseen horror zombies (D:12)
  A troll zombie (D:12)
  A centaur zombie (D:10)
  A basilisk zombie (D:12)
  A killer bee zombie (D:10)
  A gnoll (D:8)
  An orc zombie (D:12)
  A butterfly (D:8)
9 creatures vanquished.

Grand Total: 324 creatures vanquished

Notes
Turn   | Place    | Note
-------+----------+-------------------------------------------
     0 | D:1      | MisterFreud the Minotaur Fighter began the quest for the
                  | Orb.
     0 | D:1      | Reached XP level 1. HP: 19/19 MP: 0/0
   179 | D:1      | Reached XP level 2. HP: 27/28 MP: 1/1
   635 | D:1      | Reached skill level 5 in Fighting
   956 | D:2      | Reached XP level 3. HP: 36/36 MP: 2/2
  1084 | D:2      | Identified the +0 ring mail of Sif Muna's Grace {^Drain rN+
                  | Int+4}
  1410 | D:2      | Found a radiant altar of Vehumet.
  1747 | D:3      | Noticed Robin
  1748 | D:3      | Noticed Ijyb
  1753 | D:3      | Killed Ijyb
  1754 | D:3      | Reached XP level 4. HP: 34/44 MP: 3/3
  1764 | D:3      | Killed Robin
  1951 | D:3      | Noticed Sigmund
  1966 | D:3      | Killed Sigmund
  1967 | D:3      | Reached XP level 5. HP: 51/53 MP: 4/4
  1967 | D:3      | Reached XP level 6. HP: 59/61 MP: 5/5
  2005 | D:3      | Found a glowing golden altar of the Shining One.
  2017 | D:3      | Found a snail-covered altar of Cheibriados.
  2081 | D:3      | Found a broken altar of Ashenzari.
  2323 | D:4      | Noticed Blork the orc
  2333 | D:4      | Killed Blork the orc
  2384 | D:4      | Noticed Duvessa
  2384 | D:4      | Noticed Dowan
  2389 | D:4      | Killed Duvessa
  2390 | D:4      | Reached skill level 5 in Long Blades
  2392 | D:4      | Killed Dowan
  2393 | D:4      | Reached XP level 7. HP: 64/68 MP: 6/6
  2973 | D:4      | You fall into a shaft and drop 2 floors!
  2973 | D:6      | Found an opulent altar of Gozag.
  3080 | D:6      | Found a shimmering blue altar of Sif Muna.
  3106 | D:6      | Reached XP level 8. HP: 59/74 MP: 7/7
  3177 | D:6      | Identified the +0 chain mail of Daisies {Str+4 Dex+3}
  3226 | D:6      | Reached skill level 5 in Armour
  3226 | D:6      | Reached skill level 5 in Shields
  3587 | D:5      | Entered Level 5 of the Dungeon
  3802 | D:5      | Reached skill level 10 in Fighting
  3894 | D:5      | Found a glowing drain.
  3908 | Sewer    | Entered a sewer
  4194 | Sewer    | Reached XP level 9. HP: 64/86 MP: 5/8
  4608 | D:5      | Found a bloodstained altar of Trog.
  5914 | D:7      | Found a staircase to the Ecumenical Temple.
  5954 | D:7      | Identified the +0 ring mail of Immorality {rC+}
  6025 | D:8      | Noticed Maggie
  6044 | D:8      | HP: 4/135 [Maggie/bolt of fire (17)]
  6050 | D:8      | Killed Maggie
  6061 | D:8      | Found a white marble altar of Elyvilon.
  6336 | D:8      | Found a flagged portal.
  6353 | Bailey   | Entered a bailey
  6826 | Bailey   | Noticed an orc knight
  6853 | D:8      | Reached skill level 10 in Long Blades
  6874 | D:8      | Reached XP level 10. HP: 97/97 MP: 9/9
  7228 | D:7      | Noticed Pikel
  7249 | D:7      | Killed Pikel
  7362 | D:7      | Noticed Joseph
  7527 | D:7      | Killed Joseph
  7701 | D:7      | Found a shimmering altar of Xom.
  7703 | D:7      | Found a shimmering altar of Xom.
  7703 | D:7      | Found a shimmering altar of Xom.
  7703 | D:7      | Found a shimmering altar of Xom.
  7705 | D:7      | Found a shimmering altar of Xom.
  8310 | Temple   | Entered the Ecumenical Temple
  8338 | Temple   | Became a worshipper of Yredelemnul the Dark
  8412 | D:9      | Reached skill level 10 in Armour
  8519 | D:9      | Found a sparkling altar of Nemelex Xobeh.
  8535 | D:9      | Reached skill level 1 in Invocations
  8719 | D:9      | Reached * piety under Yredelemnul
  8849 | D:9      | Found the +4 robe of Folly {Brill Will-∞ Int+8}
  8867 | D:9      | Reached ** piety under Yredelemnul
  8953 | D:9      | Found a runed translucent gate.
  8954 | D:9      | Found a runed translucent gate.
  8955 | D:9      | Found a runed translucent gate.
  8956 | D:9      | Noticed nuka's ghost (novice GrEE)
  8958 | D:9      | Found a viscous altar of Jiyva.
  9346 | D:10     | Entered Level 10 of the Dungeon
  9935 | D:10     | Found a staircase to the Orcish Mines.
 10445 | D:11     | Found a staircase to the Lair.
 10445 | D:11     | Noticed a death yak
 10456 | D:11     | Killed a death yak
 10457 | D:11     | Reached *** piety under Yredelemnul
 10457 | D:11     | Reached XP level 11. HP: 91/104 MP: 13/13
 10502 | D:11     | Reached **** piety under Yredelemnul
 10503 | D:11     | Reached skill level 5 in Invocations
 10510 | D:11     | Reached ***** piety under Yredelemnul
 10803 | D:11     | Identified a scroll of acquirement
 10804 | D:11     | Acquired a manual of Fighting
 11344 | D:12     | Noticed Urug
 11352 | D:12     | Killed Urug
 11543 | D:12     | Noticed a boulder beetle
 11556 | D:12     | Killed a boulder beetle
 11713 | D:12     | Noticed a cyan ugly thing
 11718 | D:12     | Killed a cyan ugly thing
 11889 | D:12     | Reached ****** piety under Yredelemnul
 11977 | D:12     | Noticed Nessos
 11979 | D:12     | Paralysed by Nessos for 3 turns
 11985 | D:12     | Paralysed by Nessos for 4 turns
 11986 | D:12     | HP: 1/107 [poisoned by Nessos]
 11986 | D:12     | Shot with an arrow by Nessos

Illustrated notes

Levels and vault maps discovered:
D:1:      dpeg_arrival_brainrot, layout_loops_ring
D:2:      layout_loops_corners, basic_altar, nrook_mini_vaults
D:3:      layout_rooms, mainiacjoe_overflow_large_starburst,
          mainiacjoe_overflow_alcove_1, nicolae_goblin_pals, uniq_sigmund
D:4:      layout_cave_pools, chequers_serial_rivers_room_a,
          chequers_serial_rivers_small_b, kennysheep_minor_cross,
          grunt_decor_clamped, goddamned_bats, uniq_blork_the_orc, uniq_robin,
          uniq_duvessa
D:5:      layout_gridville, mainiacjoe_overflow_24_doors, portal_sewer_entry_a,
          minmay_chambers_of_fives
D:6:      layout_loops_ring, mainiacjoe_overflow_catwalk, general_overflow_altar
D:7:      layout_rooms, xom_redecorated, minmay_temple_entry_statues_pillars,
          uniq_joseph, uniq_pikel
D:8:      layout_basic, nicolae_elyvilon_peaceful_grove, enter_bailey_5,
          uniq_maggie
D:9:      layout_basic, mainiacjoe_overflow_small_starburst,
          gammafunk_ghost_ooze
D:10:     layout_stronghold, orc_0_dummy
D:11:     layout_irregular_city, david_lair_generic
D:12:     layout_irregular_city, uniq_urug, uniq_nessos
Temple:   oiseaux_autumnal_temple

Skill      XL: |  1  2  3  4  5  6  7  8  9 10 11 |
---------------+----------------------------------+-----
Fighting       | 4 5 6 7 8 10 12 13 | 13.3
Long Blades    | 3 6 8 10 12 13 | 13.6
Shields        | 4 5 |  5.0
Armour         | 4 6 8 10 | 10.0
Invocations    | 4 7 |  7.6

Action                     |  1- 3 |  4- 6 |  7- 9 | 10-12 || total
---------------------------+-------+-------+-------+-------++-------
  Melee: Long sword        |   108 |    74 |   529 |   332 ||  1043
         Headbutt          |    11 |    16 |   109 |    80 ||   216
 Invoke: Recall Undead Har |       |       |       |     1 ||     1
         Bind Soul         |       |       |       |     1 ||     1
    Use: Potion            |     1 |     1 |    10 |       ||    12
         Scroll            |       |       |    12 |     8 ||    20
   Stab: Distracted        |       |       |     1 |     2 ||     3
 Armour: Scale mail        |    69 |    50 |   478 |   149 ||   746
         Skin              |       |       |    63 |       ||    63
         Chain mail        |       |       |       |   155 ||   155
  Dodge: Dodged            |    49 |    29 |   277 |   114 ||   469
  Block: Buckler           |    27 |    13 |   138 |    58 ||   236
